 Dungeon Crawl Stone Soup version 0.22-a0-587-g7d32d7c (webtiles) character file.

51 YouKnowWho the Chopper (level 3, 0/33 HPs)
             Began as a Minotaur Berserker on July 4, 2018.
             Was a Believer of Trog.
             Killed from afar by Sigmund (11 damage)
             ... with a puff of flame
             ... on level 2 of the Dungeon.
             The game lasted 00:08:15 (800 turns).

YouKnowWho the Chopper (Minotaur Berserker)          Turns: 800, Time: 00:08:15

Health: 0/33       AC:  2    Str: 22    XL:     3   Next: 57%
Magic:  2/2        EV: 12    Int:  4    God:    Trog [**....]
Gold:   43         SH:  0    Dex:  9    Spells: 2/2 levels left

rFire    . . .     SeeInvis .   a - +0 hand axe
rCold    . . .     Gourm    .   (no shield)
rNeg     . . .     Faith    .   b - +0 animal skin
rPois    .         Spirit   .   (helmet restricted)
rElec    .         Reflect  .   (no cloak)
rCorr    .         Harm     .   (no gloves)
MR       .....                  (no boots)
Stlth    +.........             (no amulet)
HPRegen  0.11/turn              (no ring)
MPRegen  0.08/turn              (no ring)

@: no status effects
A: retaliatory headbutt, horns 2
a: Berserk, Trog's Hand, Renounce Religion


You were on level 2 of the Dungeon.
You worshipped Trog.
Trog was pleased with you.
You were not hungry.

You visited 1 branch of the dungeon, and saw 2 of its levels.

You collected 43 gold pieces.

Inventory:

Hand Weapons
 a - a +0 hand axe (weapon)
Missiles
 i - 4 tomahawks (quivered)
Armour
 b - a +0 animal skin (worn)
Jewellery
 k - an uncursed amulet of magic regeneration
Scrolls
 d - a scroll of noise {unknown}
 e - 2 scrolls of identify
 g - a scroll of immolation {unknown}
Potions
 f - a potion of magic {unknown}
 h - a potion of might {unknown}
 j - a potion of cancellation {unknown}
 l - a potion of lignification {unknown}
 m - a potion of curing {unknown}
 n - a potion of degeneration {unknown}
Comestibles
 c - a ration
 o - 3 chunks of flesh


   Skills:
 + Level 4.1 Fighting
 * Level 4.4 Axes
 + Level 3.1 Armour
 + Level 2.8 Dodging


You had 2 spell levels left.
You didn't know any spells.
Your spell library was empty.

Dungeon Overview and Level Annotations

Branches:
Dungeon (2/15)

Altars:

Annotations:
D:2 Sigmund


Innate Abilities, Weirdness & Mutations

You reflexively headbutt those who attack you in melee.
You have a pair of horns on your head.


Message History

Found a runed dagger.
There is an open door here.
You feel sick.
You are no longer poisoned.
Sigmund casts a spell at you. The magic dart hits you!
A rat comes into view.
Sigmund says, "You will soon forget everything."
Sigmund hits you from afar with a scythe.
Found an escape hatch in the floor.
A bat and 2 jackals come into view.
The jackal barks! x2
A jackal comes into view.
The jackal moves out of view.
You barely miss the rat. You miss the bat. The bat hits you but does no damage.
The bat barely misses you.
Sigmund says, "Now you see me, now you don't..."
Sigmund points at you and mumbles some strange words.
The puff of flame hits you!
You die...

....### #.. ........ ...
...... ....########
.....# .........# ...>.#
.....###.#######+#.....#
.....# #.##............#
#..#.# #.##............#
#..#.# #.##.....b...h..#
#..#.# #.##..@..@r..hh..
#..#.# #.##..........#..
####+###'##..........#
...................##
.........###########
.........######
..............#
.........####@#
.........# #.#


You could see Sigmund, 3 jackals, a bat and a rat.

Vanquished Creatures
  2 adders (D:2)
  An ooze (D:1)
  2 dart slugs (D:1)
  3 bats (D:1)
  A giant cockroach (D:1)
  A goblin (D:1)
  4 hobgoblins
  4 kobolds
  A quokka (D:2)
  3 frilled lizards
  3 rats
25 creatures vanquished.

Notes
Turn   | Place    | Note
-------+----------+-------------------------------------------
     0 | D:1      | YouKnowWho the Minotaur Berserker began the quest for the Orb.
     0 | D:1      | Reached XP level 1. HP: 19/19 MP: 0/0
   189 | D:1      | Reached XP level 2. HP: 27/27 MP: 1/1
   642 | D:2      | Reached XP level 3. HP: 33/33 MP: 2/2
   685 | D:2      | Reached ** piety under Trog
   777 | D:2      | Noticed Sigmund
   800 | D:2      | Killed from afar by Sigmund

Vault maps used:
D:1:      dpeg_arrival_round_c
D:2:      gammafunk_temple_overflow_elements, first_ration, uniq_sigmund,
          uniq_robin

Skill      XL: |  1  2  3 |
---------------+----------+-----
Axes           | 4 |  4.4
Fighting       | 4 |  4.1
Armour         | 3 |  3.1
Dodging        | |  2.8

Action                   || total
-------------------------++-------
Melee: Hand axe          ||    55
       Headbutt          ||    10
Throw: Tomahawk          ||     1
  Use: Scroll            ||     1
Armor: Animal skin       ||    13
Dodge: Dodged            ||    27

Table legend:
 A = Spawn XP
 B = Non-spawn XP
 C = Spawn XP percentage of total XP
 D = Spawn monster count
 E = Non-spawn monster count
 F = Spawn count percentage of total count
 G = Total turns spent on level
                    A         B        C        D         E        F      G
               +---------+---------+-------+---------+---------+-------+---------
         Total |       0 |      73 |   0.0 |       0 |      25 |   0.0 |   800
               +---------+---------+-------+---------+---------+-------+---------
           D:1 |       0 |      39 |   0.0 |       0 |      18 |   0.0 |   617
           D:2 |       0 |      34 |   0.0 |       0 |       7 |   0.0 |   183
               +---------+---------+-------+---------+---------+-------+---------
